 Dungeon Crawl Stone Soup version 0.20-a0-800-g4a616ed (webtiles) character file.

42 AlphabetPasta the Sneak (level 3, -4/20 HPs)
             Began as a Vine Stalker Wanderer on Mar 2, 2017.
             Slain by a gnoll
             ... wielding a +2 flail of protection
              (10 damage)
             ... on level 2 of the Dungeon.
             The game lasted 00:03:58 (966 turns).

AlphabetPasta the Sneak (Vine Stalker Wanderer)      Turns: 966, Time: 00:03:59

Health: -4/20      AC:  6    Str: 16    XL:     3   Next: 56%
Magic:  0/4        EV: 11    Int: 10    God:
Gold:   27         SH:  0    Dex: 14    Spells: 2/2 levels left

rFire    . . .     SeeInvis .   d - +0 falchion
rCold    . . .     Gourm    .   o - +0 ring mail
rNeg     . . .     Faith    .   (no shield)
rPois    .         Spirit   +   l - +0 helmet
rElec    .         Reflect  .   (no cloak)
rCorr    .         Harm     .   (no gloves)
MR       .....                  (no boots)
Stlth    ++........             (no amulet)
Regen    0.1/turn               (no ring)
MPRegen  0.1/turn               (no ring)

@: no status effects
A: fangs 2, magic shield, antimagic bite, no potion heal 3, rot immunity
a: no special abilities


You were on level 2 of the Dungeon.
You were not hungry.

You visited 1 branch of the dungeon, and saw 2 of its levels.

You collected 27 gold pieces.

Inventory:

Hand Weapons
 a - a +2 dagger
 c - a +0 quarterstaff
 d - a +0 falchion (weapon)
Armour
 e - a +0 robe
 l - a +0 helmet (worn)
 m - a +0 chain mail
 o - a +0 ring mail (worn)
Scrolls
 g - 3 scrolls of identify {unknown}
 h - a scroll of teleportation {unknown}
 j - a scroll of recharging {unknown}
Potions
 b - a potion of haste
 i - a potion of curing {unknown}
 k - a potion of might {unknown}
 n - a potion of heal wounds {unknown}
Comestibles
 f - a bread ration
 p - 7 chunks of flesh


   Skills:
 + Level 3.0 Fighting
 * Level 2.7 Long Blades
   Level 1.0 Polearms
 + Level 0.5 Armour
 + Level 1.4 Dodging
 - Level 3.6 Stealth


You had 2 spell levels left.
You didn't know any spells.

Dungeon Overview and Level Annotations

Branches:
Dungeon (2/15)

Altars:


Innate Abilities, Weirdness & Mutations

You have extremely sharp teeth.
When hurt, damage is shared between your health and your magic reserves.
Your bite disrupts and absorbs the magic of your enemies.
Potions cannot restore your health.
You are immune to rotting.


Message History

You see here 21 stones.
You barely miss the gnoll.
The gnoll hits you with a flail of protection.
You closely miss the gnoll.
The gnoll hits you with a flail of protection!
You hit the gnoll. You bite the gnoll. You drain its power.
You feel invigorated.
The gnoll is moderately wounded.
The gnoll misses you.
You riposte.
You hit the gnoll but do no damage. You bite the gnoll, but do no damage.
The gnoll is moderately wounded.
You hit the gnoll. You bite the gnoll. You drain its power.
The gnoll is severely wounded.
The gnoll hits you with a flail of protection.
* * * LOW HITPOINT WARNING * * *
You hit the gnoll but do no damage. You bite the gnoll, but do no damage.
The gnoll is severely wounded.
The gnoll hits you with a flail of protection!
Ouch! That really hurt!
You die...

#########.####....#
#.................#
#.................# ...
#.................# #...
#.................# #... #######
#.................# #...
.รท....####.................#
#... ..)....(.......g@..........#
#...
......####.............#...###...
#####............#)#####.........
#.........##.#.# #..####...
#########.##.#.#####..####...
#.##.#........#....##
#.##.##########>##.## #.##.#.#
#.......... #.##.#.####.#.#.##.##


You could see a gnoll.

Vanquished Creatures
  A gnoll (D:2)
  An ooze (D:1)
  2 dart slugs (D:1)
  A leopard gecko (D:1)
  2 bats (D:1)
  3 giant cockroaches
  4 goblins
  A hobgoblin (D:2)
  2 kobolds
  2 frilled lizards (D:1)
  4 rats
23 creatures vanquished.

Notes
Turn   | Place    | Note
-------+----------+-------------------------------------------
     0 | D:1      | AlphabetPasta the Vine Stalker Wanderer began the quest for the Orb.
     0 | D:1      | AlphabetPasta set off with: a +2 dagger, a potion of haste, a +0 quarterstaff, a +0 falchion, a +0 robe, a bread ration
     0 | D:1      | Reached XP level 1. HP: 11/11 MP: 2/2
    96 | D:1      | Reached XP level 2. HP: 10/16 MP: 1/3
   617 | D:1      | Reached XP level 3. HP: 19/19 MP: 4/4
   966 | D:2      | Slain by a gnoll

Vault maps used:
D:1:      eino_arrival_water_cross, minmay_misc_feat_iff
D:2:      first_bread, chequers_ecumenical_altar_simple, uniq_iyjb

Skill      XL: |  1  2  3 |
---------------+----------+-----
Long Blades    | 2 |  2.7
Fighting       | 3 |  3.0
Polearms       | |  1.0
Armour         | |  0.5
Dodging        | |  1.4
Stealth        | |  3.6

Action                   || total
-------------------------++-------
Melee: Falchion          ||    74
       Bite              ||    19
 Stab: Sleeping          ||     3
       Distracted        ||     1
Armor: Robe              ||     5
       Ring mail         ||    11
Dodge: Dodged            ||    46
       Rpst.: Falchion   ||    15
